 Dungeon Crawl Stone Soup version 0.26.1-11-gd32895ea62 (webtiles) character file.

Game seed: 4086504552656736762

154 SandySky the Stinger (level 5, -3/31 HPs)
             Began as an Octopode Venom Mage on May 14, 2021.
             Slain by a centaur (7 damage)
             ... on level 4 of the Dungeon.
             The game lasted 00:16:52 (1768 turns).

SandySky the Stinger (Octopode Venom Mage)          Turns: 1768, Time: 00:16:53

Health: -3/31      AC:  1    Str:  7    XL:     5   Next: 35%
Magic:  8/10       EV: 13    Int: 18    God:
Gold:   42         SH:  0    Dex: 13    Spells: 7/11 levels left

rFire    . . .     SeeInvis .   f - +0 flail
rCold    . . .     Faith    .   (no shield)
rNeg     . . .     Spirit   .   (helmet restricted)
rPois    .         Reflect  .   (no amulet)
rElec    .         Harm     .   (no ring)
rCorr    .         Rampage  .   (no ring)
Will     .....                  (no ring)
Stlth    +++.......             (no ring)
HPRegen  0.10/turn              (no ring)
MPRegen  0.12/turn              (no ring)
                                (no ring)
                                (no ring)

@: no status effects
A: almost no armour, stealthy swim, amphibious, 8 rings, constrict 8, camouflage
1, gelatinous body 1
a: no special abilities


You were on level 4 of the Dungeon.
You visited 1 branch of the dungeon, and saw 5 of its levels.

You collected 42 gold pieces.

Inventory:

Hand Weapons
 f - a +0 flail (weapon)
Missiles
 b - 7 silver boomerangs
 c - 39 stones
 i - 9 poisoned darts
Scrolls
 a - 3 scrolls of teleportation {unknown}
 d - a scroll of fog {unknown}
 e - 2 scrolls of magic mapping {unknown}
 g - a scroll of noise {unknown}
 h - a scroll of remove curse {unknown}
Potions
 j - a potion of haste {unknown}


   Skills:
 - Level 2.0 Dodging
 - Level 2.6 Stealth
 - Level 3.7 Spellcasting
 - Level 0.1 Conjurations
 - Level 1.0 Transmutations
 + Level 5.6 Poison Magic


You had 7 spell levels left.
You knew the following spells:

 Your Spells              Type           Power        Failure   Level
a - Sting                 Tmut/Pois      60%          3%          1
b - Mephitic Cloud        Conj/Pois/Air  10%          21%         3

Your spell library contained the following spells:

 Spells                   Type           Power        Failure   Level
 Poisonous Vapours        Pois/Air       26%          7%          2
 Magic Dart               Conj           12%          14%         1
 Olgreb's Toxic Radiance  Pois           23%          14%         4
 Ignite Poison            Fire/Tmut/Pois 11%          19%         3
 Searing Ray              Conj           6%           22%         2
 Dazzling Flash           Conj/Hex       6%           41%         3
 Fulminant Prism          Conj/Hex       1%           83%         4
 Iskenderun's Mystic Bla  Conj/Tloc      3%           83%         4


Dungeon Overview and Level Annotations

Branches:
Dungeon (5/15)
 Temple: D:4-7

Altars:
Makhleb

Annotations:
D:5 Edmund


Innate Abilities, Weirdness & Mutations

You cannot wear most types of armour.
You are very stealthy in the water. (Stealth+)
You are amphibious.
You can wear up to eight rings at the same time.
You can use your tentacles to constrict eight enemies at once.
Your skin changes colour to match your surroundings (Stealth+).
Your rubbery body absorbs attacks. (AC +1, EV +1)


Message History

Okay, then.
Unknown command.
The centaur shoots an arrow.
The arrow hits you!
Ouch! That really hurt!
You see here an arrow.
The centaur unwields a +0 shortbow.
The centaur barely misses you. x2
You hit the centaur.
The centaur is moderately wounded.
The centaur hits you. The centaur barely misses you.
You hit the centaur but do no damage. You squeeze the centaur!
The centaur is severely wounded.
The centaur closely misses you. The centaur hits you!
* * * LOW HITPOINT WARNING * * *
Casting: Sting (safe; 3% risk of failure)
Confirm with . or Enter, or press ? or * to list all spells.
Aiming: Sting (safe; 3% risk of failure)
Press: ? - help, Shift-Dir - straight line, f/p - centaur
Aim: a centaur, wearing a +0 robe and quivering 25 arrows (severely wounded, 16% to evade)
The sting misses the centaur.
The centaur hits you!
You die...

#... #....
#####...##
...........
.........
......!.
#...####.#
#...(@c..#
#..(######
#...# #...#
#...#
#...########
##....[....#
###
#########.#
##.##
######## #)#


You could see a centaur.

Vanquished Creatures
  An ogre (D:4)
  A howler monkey (D:4)
  A gnoll (D:1)
  A dart slug (D:3)
  4 orcs
  2 goblins
  3 jackals (D:1)
  3 kobolds (D:1)
  2 bats (D:1)
  6 rats (D:1)
24 creatures vanquished.

Vanquished Creatures (others)
  2 plants (D:4)
  4 withered plants (D:4)
6 creatures vanquished.

Grand Total: 30 creatures vanquished

Notes
Turn   | Place    | Note
-------+----------+-------------------------------------------
     0 | D:1      | SandySky the Octopode Venom Mage began the quest for the
                  | Orb.
     0 | D:1      | Reached XP level 1. HP: 11/11 MP: 3/3
   499 | D:1      | Reached XP level 2. HP: 16/17 MP: 5/5
   502 | D:1      | Reached skill level 4 in Poison Magic
  1191 | D:1      | Reached XP level 3. HP: 21/21 MP: 3/6
  1197 | D:1      | Learned a level 3 spell: Mephitic Cloud
  1347 | D:4      | Found a burning altar of Makhleb.
  1379 | D:5      | Entered Level 5 of the Dungeon
  1379 | D:5      | Noticed Edmund
  1420 | D:4      | Noticed an ogre
  1566 | D:4      | Killed an ogre
  1567 | D:4      | Reached skill level 5 in Poison Magic
  1567 | D:4      | Reached XP level 4. HP: 27/27 MP: 1/9
  1718 | D:4      | Reached XP level 5. HP: 29/31 MP: 7/10
  1762 | D:4      | Noticed a centaur
  1768 | D:4      | Slain by a centaur

Illustrated notes

Levels and vault maps discovered:
D:1:      elethiomel_arrival_diamonds, layout_loops_ring, serial_bayou_pond_a
D:2:      cheibrodos_fertilizer, layout_basic, minmay_puff
D:3:      layout_loops_ring, nzn_hepliaklqana_mist_gate
D:4:      layout_loops_cross, grunt_temple_overflow_growth_and_decay,
          overflow_temple_1_default, kennysheep_mini, minmay_shop_mayhem,
          uniq_eustachio
D:5:      layout_layer_cave, grunt_temple_overflow_open,
          nicolae_overflow_crystal_walls, uniq_grinder, uniq_sigmund,
          uniq_edmund

Skill      XL: |  1  2  3 |
---------------+----------+-----
Poison Magic   | 4 5 |  5.6
Spellcasting   | 3 |  3.7
Dodging        | |  2.0
Stealth        | |  2.6
Conjurations   | |  0.1
Transmutations | |  1.0

Action                   |  1- 3 |  4- 6 || total
-------------------------+-------+-------++-------
Melee: Unarmed           |    26 |       ||    26
       Constrict         |    12 |     1 ||    13
       Flail             |     9 |     9 ||    18
       Tentacles         |     2 |     2 ||     4
 Cast: Sting             |    23 |     6 ||    29
       Mephitic Cloud    |     1 |       ||     1
 Stab: Sleeping          |     1 |       ||     1
Armor: Skin              |     4 |       ||     4
Dodge: Dodged            |    22 |    12 ||    34
